 Dungeon Crawl Stone Soup version 0.31-a0-1074-g0b22e4e0f1 (webtiles) character file.

Game seed: 4670511518614232208

1245 croobank the Digger (level 8, -8/69 HPs)
             Began as a Gargoyle Earth Elementalist on Nov 28, 2023.
             Killed by divine providence
             ... invoked by an orc priest
              (17 damage)
             ... on level 7 of the Dungeon.
             The game lasted 00:17:26 (6154 turns).

croobank the Digger (Gargoyle Earth Elementalist)   Turns: 6154, Time: 00:17:27

Health: -8/69      AC: 24    Str: 12    XL:     8   Next: 50%
Magic:  8/13       EV:  2    Int: 18    God:
Gold:   348        SH:  5    Dex: 10    Spells: 13/14 levels left

rFire   . . .        s - +4 short sword (holy)
rCold   . . .        B - +1 buckler
rNeg    + . .        q - melded +1 leather armour of Tomorrow {rC+}
rPois   ∞            (helmet currently unavailable)
rElec   .            w - melded +0 cloak
rCorr   .            (gloves currently unavailable)
SInv    .            (boots currently unavailable)
Will    .....        (no amulet)
Stlth   ++           o - +5 ring of evasion
HPRegen 0.31/turn    (no ring)
MPRegen 0.13/turn

%: no passive effects
@: mighty, tree-form
A: stationary, stasis, torment immunity, boosted hp, sickness immunity, AC +5,
negative energy resistance 1, (electricity resistance), torment resistance 1,
petrification resistance
a: no special abilities


You were on level 7 of the Dungeon.
You were a tree.
You visited 1 branch of the dungeon, and saw 7 of its levels.

You collected 348 gold pieces.

Inventory:

Hand Weapons
 a - a +2 hammer of draining
 h - a +0 long sword
 p - a +2 dagger of venom
 s - a +4 short sword of holy wrath (weapon)
 v - a +4 quarterstaff of chaos
 E - a +0 war axe
Missiles
 k - a throwing net (quivered)
 D - 5 javelins
Armour
 d - a +3 ring mail
 q - the +1 leather armour of Tomorrow (melded) {rC+}
   (You found it on level 3 of the Dungeon)

   rC+:       It protects you from cold.
 w - a +0 cloak (melded)
 z - a +1 chain mail of fire resistance
 B - a +1 buckler (worn)
Jewellery
 o - a +5 ring of evasion (left branch)
Talismans
 g - a flux talisman
Wands
 n - a wand of digging (5)
 y - a wand of quicksilver (11)
 A - a wand of roots (12)
Scrolls
 c - a scroll of revelation
 i - a scroll of teleportation
 l - a scroll of acquirement
 r - a scroll of poison
Potions
 b - 2 potions of magic
 e - 2 potions of curing
 f - a potion of lignification
 j - a potion of mutation
 m - 2 potions of attraction {unknown}
 u - a potion of haste {unknown}
 x - a potion of brilliance {unknown}
 C - a potion of heal wounds {unknown}


   Skills:
 + Level 3.5 Fighting
 - Level 5.0 Armour
 + Level 3.2 Dodging
 + Level 4.6 Stealth
 + Level 1.2 Shields
 + Level 3.7 Spellcasting
 + Level 2.8 Transmutations
 + Level 5.5 Earth Magic


You had 13 spell levels left.
You knew the following spells:

 Your Spells              Type           Power      Damage    Failure   Level
a - Sandblast             Erth           46%        2d11      2%          1

Your spell library contained the following spells:

 Spells                   Type           Power      Damage    Failure   Level
 Passwall                 Tmut/Erth      15%        N/A       6%          2
 Stone Arrow              Conj/Erth      26%        3d8       21%         3
 Apportation              Tloc           6%         N/A       22%         1
 Slow                     Hex            12%        N/A       22%         1
 Jinxbite                 Hex            6%         N/A       32%         2
 Petrify                  Tmut/Erth      18%        N/A       36%         4
 Confusing Touch          Hex            3%         N/A       54%         3
 Dazzling Flash           Conj/Hex       6%         N/A       54%         3
 Sigil of Binding         Hex            3%         N/A       54%         3
 Vampiric Draining        Necr           3%         2d6       54%         3
 Brom's Barrelling Bould  Conj/Erth      13%        2d4       56%         4
 Alistair's Intoxication  Tmut/Pois      5%         N/A       97%         5
 Agony                    Necr           3%         N/A       99%         5
 Silence                  Hex/Air        1%         N/A       99%         5


Dungeon Overview and Level Annotations

Branches:
Dungeon (7/15)
 Temple: D:4-7

Altars:
Ashenzari
Elyvilon
Nemelex Xobeh
The Shining One

Shops:
D:4 *

Annotations:
D:6 2 transporters, justen's ghost, novice TrSh


Innate Abilities, Weirdness & Mutations

You are a tree.
Your roots penetrate the ground, keeping you stationary.
You cannot be teleported.
You are immune to unholy pain and torment.
Your maximum health is greatly increased.
Your equipment is partially melded.
You are immune to sickness and miasma.
((Your stone body is resilient. (AC +5)))
You are immune to poison.
You resist negative energy. (rN+)
((You are resistant to electric shocks. (rElec)))
You are resistant to unholy torment.
You are immune to petrification.


Message History

The orc priest hits you but does no damage.
The orc warrior misses you.
The orc warrior hits you but does no damage.
The orc priest calls upon Beogh to heal the orc warrior.
The orc warrior is healed somewhat.
You completely miss the orc warrior.
The orc warrior is lightly wounded.
The orc priest mumbles some strange prayers to Beogh against you.
You struggle to resist.
The orc warrior hits you with a +0 trident!
* * * LOW HITPOINT WARNING * * *
You closely miss the orc warrior.
The orc warrior is lightly wounded.
The orc priest closely misses you. You block the orc warrior's attack.
You hit the orc warrior.
The orc warrior is lightly wounded.
The orc priest misses you.
The orc warrior hits you with a +0 trident.
* * * LOW HITPOINT WARNING * * *
Your magical contamination has completely faded away.
You turn into a tree.
Your +0 cloak melds into your body.
The +1 leather armour of Tomorrow {rC+} melds into your body.
Your roots penetrate the ground.
The orc priest hits you but does no damage.
The orc warrior hits you but does no damage.
You feel better. You block the orc priest's attack.
The orc warrior hits you but does no damage.
You feel better.
The orc priest hits you but does no damage.
The orc warrior hits you but does no damage.
You feel very mighty all of a sudden.
The orc priest mumbles some strange prayers to Beogh against you.
Beogh smites you!
* * * LOW HITPOINT WARNING * * *
You block the orc warrior's attack.
You hit the orc warrior.
The orc warrior is moderately wounded.
The orc priest mumbles some strange prayers to Beogh against you.
Beogh smites you!
You die...

.........#.#.#.#
########.#.#.#.########.
# #.#.#.#.#........
#.#.#.#.#.######.
#.#..............
#.#...#.#.#####..
#.#...#.#.# #.###.#.#.#
#.# #.#.#♣#
#.###.#.#oo......
#.....#.#######.#
#.#####.. #.# ###


You could see an orc warrior and an orc priest.

Vanquished Creatures
  Grinder (D:3)
  Sigmund (D:3)
  An ogre (D:5)
  A phantom (D:5)
  Blork the orc (D:6)
  A scorpion (D:4)
  A howler monkey (D:6)
  A jelly (D:6)
  An orc priest (D:6)
  Crazy Yiuf (D:3)
  3 hounds
  2 sleepcaps (D:6)
  5 iguanas
  Terence (D:3)
  An orc wizard (D:6)
  4 adders
  A white imp (D:6)
  2 ufetubi (D:5)
  3 worms
  A dart slug (D:1)
  13 orcs
  2 bats
  5 endoplasms
  5 giant cockroaches
  7 goblins
  7 hobgoblins
  7 jackals
  4 quokkas
  9 ball pythons
  3 frilled lizards
  4 kobolds
  2 rats (D:1)
101 creatures vanquished.

Notes
Turn   | Place    | Note
-------+----------+-------------------------------------------
     0 | D:1      | croobank the Gargoyle Earth Elementalist began the quest
                  | for the Orb.
     0 | D:1      | Reached XP level 1. HP: 10/10 MP: 3/3
   285 | D:1      | Reached skill level 1 in Transmutations
   285 | D:1      | Reached XP level 2. HP: 16/16 MP: 3/5
   571 | D:1      | Found a faded altar of an unknown god.
  1003 | D:2      | Reached XP level 3. HP: 20/20 MP: 4/6
  1784 | D:2      | Reached skill level 1 in Fighting
  2145 | D:3      | Noticed Grinder
  2153 | D:3      | Paralysed by Grinder for 2 turns
  2160 | D:3      | Paralysed by Grinder for 5 turns
  2167 | D:3      | Killed Grinder
  2168 | D:3      | Reached XP level 4. HP: 16/26 MP: 1/8
  2168 | D:3      | Reached XP level 5. HP: 18/30 MP: 1/9
  2168 | D:3      | Reached XP level 6. HP: 22/35 MP: 1/10
  2595 | D:3      | Identified the +1 leather armour of Tomorrow {rC+}
  2640 | D:3      | You fall into a shaft and drop 1 floor!
  2667 | D:4      | Found Heonuhong's Neck Hole.
  2748 | D:3      | Noticed Terence
  2757 | D:3      | Killed Terence
  2806 | D:3      | Found a broken altar of Ashenzari.
  2871 | D:3      | Found a runed translucent door.
  2872 | D:3      | Noticed Crazy Yiuf
  2883 | D:3      | Killed Crazy Yiuf
  3001 | D:3      | Noticed Sigmund
  3016 | D:3      | Killed Sigmund
  3017 | D:3      | Reached XP level 7. HP: 25/40 MP: 11/11
  3917 | D:4      | Identified a scroll of acquirement
  3952 | D:5      | Entered Level 5 of the Dungeon
  4071 | D:5      | Reached skill level 5 in Earth Magic
  4671 | D:6      | Reached XP level 8. HP: 44/46 MP: 9/13
  4764 | D:6      | Found a glowing golden altar of the Shining One.
  4765 | D:6      | Found a white marble altar of Elyvilon.
  4927 | D:6      | Noticed Blork the orc
  5094 | D:6      | Killed Blork the orc
  5282 | D:6      | Found a transporter.
  5282 | D:6      | Noticed justen's ghost (novice TrSh)
  5520 | D:6      | Found a transporter.
  5648 | D:6      | Found a sparkling altar of Nemelex Xobeh.
  5695 | D:6      | Reached skill level 1 in Shields
  5771 | D:6      | Reached skill level 5 in Armour
  6154 | D:7      | Killed from afar by an orc priest

Illustrated notes

Levels and vault maps discovered:
D:1:      ldierk_walled_garden_2, layout_loops_ring,
          hellmonk_ecumenical_altar_arch_garden, minmay_misc_feat_square
D:2:      minmay_chambers_of_ones, layout_loops_corners
D:3:      layout_rooms, nicolae_ashenzari_skybound, uniq_terence,
          uniq_crazy_yiuf_cottage, uniq_grinder, uniq_sigmund
D:4:      layout_gridville, nicolae_shop_sticking_my_neck_out
D:5:      layout_rooms
D:6:      layout_gridville, nemelex_spade_bored_becter,
          nicolae_overflow_squiral, gammafunk_ghost_arena,
          chequers_serial_rivers_small_b, uniq_blork_the_orc
D:7:      layout_basic, minmay_temple_entry_offerings, serial_shops,
          kennysheep_little_box

Skill      XL: |  1  2  3  4  5  6  7  8 |
---------------+-------------------------+-----
Transmutations | 1 2 |  2.8
Fighting       | 1 2 3 |  3.5
Earth Magic    | 4 5 |  5.5
Dodging        | 2 3 |  3.2
Armour         | 2 3 4 5 |  5.0
Stealth        | 3 4 |  4.6
Spellcasting   | 3 |  3.7
Shields        | 1 |  1.2

Action                     |  1- 3 |  4- 6 |  7- 9 || total
---------------------------+-------+-------+-------++-------
  Melee: Unarmed           |     1 |       |       ||     1
         Long sword        |    38 |       |       ||    38
         Dagger            |    18 |    31 |       ||    49
         Short sword       |       |    13 |   177 ||   190
         Punch             |       |     2 |     2 ||     4
  Throw: Throwing net      |       |       |     1 ||     1
   Cast: Sandblast         |    38 |    10 |    62 ||   110
    Use: Scroll            |     2 |       |    15 ||    17
         Potion            |       |       |     4 ||     4
   Stab: Sleeping          |     3 |     1 |     5 ||     9
 Armour: Robe              |     6 |       |       ||     6
         Ring mail         |    41 |     3 |       ||    44
         Leather armour    |       |    23 |   141 ||   164
         Skin              |       |       |     5 ||     5
  Dodge: Dodged            |    43 |    27 |   214 ||   284
  Block: Buckler           |       |       |    19 ||    19

Table legend: (Time is in decaauts)
 A = Elapsed time spent in this place.
 B = Non-inter-level travel time spent in this place.
 C = Inter-level travel time spent in this place.
 D = Time resting spent in this place.
 E = Time spent auto-exploring this place.
 F = Levels seen in this place.
 G = Mean time per level.
                   A        B        C        D        E       F      G
               +--------+--------+--------+--------+--------+-----+--------+
         Total |   6226 |   5983 |    243 |   1426 |   3440 |   7 |  889.4 |
       Dungeon |   6226 |   5983 |    243 |   1426 |   3440 |   7 |  889.4 |
               +--------+--------+--------+--------+--------+-----+--------+

Top non-repeatable levels by time:
     D:6: 1330 daAuts
     D:2: 1146 daAuts
     D:3: 1030 daAuts
     D:1: 991 daAuts
     D:4: 826 daAuts
     D:5: 683 daAuts
     D:7: 217 daAuts
